 Dungeon Crawl Stone Soup version 0.29-a0-410-g9596d59a08 (webtiles) character file.

Game seed: 13882540929934329413

17397 Conn the Covert (level 12, -5/72 HPs)
             Began as an Octopode Fire Elementalist on May 14, 2022.
             Was a Priest of Sif Muna.
             Slain by a six-headed hydra (7 damage)
             ... while petrified by Jorgrun
             ... on level 12 of the Dungeon.
             The game lasted 01:04:19 (15189 turns).

Conn the Covert (Octopode Fire Elementalist)       Turns: 15189, Time: 01:04:20

Health: -5/72      AC:  1    Str: 14    XL:     12   Next: 47%
Magic:  33/34      EV:  2    Int: 21    God:    Sif Muna [***...]
Gold:   696        SH:  0    Dex: 19    Spells: 10/30 levels left

rFire   + . .      SeeInvis .   b - staff of fire
rCold   . . .      Faith    .   (no shield)
rNeg    + + +      Spirit   .   (helmet restricted)
rPois   ∞          Reflect  +   r - amulet of reflection
rElec   .          Harm     .   u - ring of poison resistance
rCorr   .          Rampage  .   x - +6 ring of dexterity
Will    .....                   o - ring of magical power
Stlth   ++++++....              N - +6 ring of strength
HPRegen 0.22/turn               (no ring)
MPRegen 0.24/turn               (no ring)
                                (no ring)
                                (no ring)

@: petrified, studying Maces & Flails
A: almost no armour, amphibious, 8 rings, camouflage 1, gelatinous body 1,
(nimble swimmer 1), tentacles
a: Renounce Religion, Channel Magic, Forget Spell


You were on level 12 of the Dungeon.
You worshipped Sif Muna.
Sif Muna was most pleased with you.
You visited 2 branches of the dungeon, and saw 13 of its levels.
You also visited: Ossuary.

You collected 970 gold pieces.
You spent 274 gold pieces at shops.

Inventory:

Hand Weapons
 a - a +6 dagger of protection
 D - a +1 battleaxe of flaming
 R - a +0 mace
Missiles
 g - a curare-tipped dart
 l - 19 poisoned darts (quivered)
Armour
 m - a +1 kite shield of reflection
Magical Staves
 b - a staff of fire (weapon)
 e - a staff of conjuration
 n - a staff of earth
Jewellery
 o - a ring of magical power (on tentacle)
 r - an amulet of reflection (around mantle)
 u - a ring of poison resistance (left tentacle)
 x - a +6 ring of dexterity (right tentacle)
 H - a ring of fire
 K - a ring of ice
 L - an amulet of faith
 N - a +6 ring of strength (on tentacle)
Wands
 h - a wand of paralysis (8)
 s - a wand of charming (7)
 t - a wand of polymorph (7)
 O - a wand of flame (21)
 Q - a wand of acid (5)
Scrolls
 c - 2 scrolls of magic mapping
 d - 5 scrolls of enchant armour
 j - 5 scrolls of teleportation
 q - 2 scrolls of fear
 w - 3 scrolls of amnesia {unknown}
 y - a scroll of vulnerability {unknown}
 z - 3 scrolls of fog {unknown}
 A - 2 scrolls of noise {unknown}
 B - 2 scrolls of enchant weapon {unknown}
 C - 6 scrolls of poison
 F - 6 scrolls of identify
 P - 2 scrolls of immolation {unknown}
Potions
 f - 7 potions of curing
 i - 4 potions of magic
 k - a potion of might
 p - 3 potions of degeneration
 v - 2 potions of berserk rage
 E - a potion of attraction
 G - a potion of ambrosia
 I - 2 potions of mutation {unknown}
 J - a potion of invisibility {unknown}
 M - a potion of flight {unknown}
 S - a potion of resistance {unknown}


   Skills:
 + Level 3.1 Fighting
 + Level 4.1 Short Blades
 + Level 0.3 Maces & Flails
 + Level 4.4 Dodging
 + Level 11.2 Stealth
 + Level 1.2 Shields
 + Level 1.0 Unarmed Combat
 + Level 9.9 Spellcasting
 + Level 7.3 Conjurations
 + Level 3.3 Hexes
 + Level 1.3 Summonings
 + Level 10.5 Fire Magic
 * Level 4.4 Invocations
 + Level 1.4 Evocations


You had 10 spell levels left.
You knew the following spells:

 Your Spells              Type           Power      Damage    Failure   Level
a - Foxfire               Conj/Fire      100%       2x1d9     1%          1
b - Conjure Flame         Conj/Fire      64%        6-21      1%          3
c - Inner Flame           Hex/Fire       56%        N/A       1%          3
d - Flame Wave            Conj/Fire      64%        2d12      1%          4
e - Scorch                Fire           100%       2d10      1%          2
f - Sticky Flame          Conj/Fire      64%        2d8       1%          4
g - Summon Guardian Gole  Hex/Summ       20%        N/A       8%          3

Your spell library contained the following spells:

 Spells                   Type           Power      Damage    Failure   Level
 Slow                     Hex            96%        N/A       1%          1
 Static Discharge         Conj/Air       25%        N/A       2%          2
 Summon Small Mammal      Summ           64%        N/A       3%          1
 Confusing Touch          Hex            24%        N/A       4%          3
 Animate Skeleton         Necr           20%        N/A       7%          1
 Apportation              Tloc           20%        N/A       7%          1
 Beastly Appendage        Tmut           20%        N/A       7%          1
 Sublimation of Blood     Necr           10%        N/A       10%         2
 Wereblood                Tmut           10%        N/A       10%         2
 Spider Form              Tmut/Pois      10%        N/A       21%         3
 Vampiric Draining        Necr           10%        2d6       21%         3
 Irradiate                Conj/Tmut      12%        3d17      38%         5
 Lightning Bolt           Conj/Air       12%        1d26      38%         5
 Dispel Undead            Necr           10%        3d9       54%         4
 Petrify                  Tmut/Erth      10%        N/A       54%         4
 Orb of Destruction       Conj           20%        9d8       95%         7
 Spellforged Servitor     Conj/Summ      14%        N/A       100%        7
 Summon Hydra             Summ           8%         N/A       100%        7
 Maxwell's Capacitive Co  Air            5%         ∞         100%        8


Dungeon Overview and Level Annotations

Branches:
Dungeon (12/15)            Temple (1/1) D:7            Lair (0/6) D:10
    Orc (0/2) D:12        Ossuary (visited)

Altars:
Ashenzari
Cheibriados
Dithmenos
Elyvilon
Fedhas
Kikubaaqudgha
Nemelex Xobeh
Okawaru
Qazlal
Ru
Sif Muna
Trog
Uskayaw
Vehumet
Wu Jian
Xom
Yredelemnul
Zin

Shops:
D:4 (   D:9 :   D:10 *

Annotations:
D:12 Azrael, Jorgrun


Innate Abilities, Weirdness & Mutations

You cannot wear most types of armour.
You are amphibious.
You can wear up to eight rings at the same time.
Your skin changes colour to match your surroundings (Stealth+).
Your rubbery body absorbs attacks. (AC +1, EV +1)
((You are camouflaged when in or above water. (Stealth+)))
You have tentacles for arms and can constrict up to eight enemies at once.


Message History

As you read the scroll of teleportation, it crumbles to dust.
You feel strangely unstable.
An orc warrior comes into view. It is wielding a +0 flail.
Your limbs are stiffening.
Casting: Flame Wave (dangerous; 1% risk of failure)
Confirm with . or Enter, or press ? or * to list all spells.
A guardian golem appears, shielding your allies.
An orc comes into view. It is wielding a +0 dagger.
Some rock shatters into small pieces.
You have turned to stone.
Your surroundings suddenly seem different. 3 orcs, Azrael, 3 hell hounds, a fire elemental and a six-headed hydra come into view.
An orc warrior is wielding a +2 dire flail of holy wrath.
Azrael is wielding a +0 scimitar of flaming.
Found 3 curare-tipped darts.
Found a staircase to the Orcish Mines.
The hell hound breathes flames at you. The blast of flame hits you. You resist.
The orc priest shouts!
The hell hound barks! x2; The six-headed hydra roars!
The orc warrior shouts!
The hell hound breathes flames at you. The blast of flame hits you! You resist.
The hell hound bites you! The fire elemental hits you.
The fire elemental burns you! You resist.
The orc priest miscasts a cantrip.
The fire elemental barely misses you.
The hell hound bites you! x2; The fire elemental hits you.
The fire elemental burns you! You resist. The orc priest completely misses you.
The hell hound bites you! The fire elemental hits you.
The fire elemental burns you! You resist. The hell hound bites you!
The hell hound bites you.
The orc priest mumbles some strange prayers to Beogh against you.
Beogh smites you! The fire elemental hits you. The fire elemental burns you!
You resist. The hell hound bites you. The six-headed hydra bites you! x2
* * * LOW HITPOINT WARNING * * *
The six-headed hydra bites you!
* * * LOW HITPOINT WARNING * * *
The six-headed hydra bites you!
* * * LOW HITPOINT WARNING * * *
The six-headed hydra bites you.
* * * LOW HITPOINT WARNING * * *
The six-headed hydra bites you!
You die...

.....# ....##
...>..... ....#
........# ...##
(.......# ...#
...o..o.### ..##
..........## .##
...............#
## #...
o.....oh...# .o.
.g...hD@...# #.g
......hE...#
###..
......°R..##
#.#9#
.....°...##
....# ###....###
...# ##### ...#
..## ..#


You could see Jorgrun, Azrael, a six-headed hydra, a fire elemental, an orc
warrior, 3 hell hounds, 2 orc priests and an orc.

Vanquished Creatures
  2 hydras
  2 two-headed ogres
  Pikel (D:8)
  An ugly thing (D:8)
  2 manticores
  Maurice (D:8)
  A kobold demonologist (D:7)
  Maggie (D:7)
  A komodo dragon (D:9)
  Psyche (D:8)
  2 ice devils (D:11)
  A troll (D:10)
  Grinder (D:4)
  2 hornets
  2 slime creatures (D:11)
  A wraith (D:10)
  3 shadows
  A wyvern (D:8)
  A steam dragon (shapeshifter) (D:8)
  10 yaks
  3 vampire mosquitoes (D:10)
  Grum (D:9)
  Menkaure (D:4)
  2 acid dragons
  4 water moccasins
  Duvessa (D:4)
  3 orc warriors
  3 sky beasts
  An ice beast (D:5)
  4 black bears
  An ogre (D:6)
  2 wolves (D:9)
  5 centaurs
  4 kobold brigands
  2 lemures (D:8)
  4 bullfrogs
  6 gnoll sergeants
  7 scorpions
  7 wights
  Dowan (D:4)
  5 killer bees
  7 electric eels (D:11)
  10 howler monkeys
  3 jellies
  A gnoll shaman (D:4)
  Crazy Yiuf (D:4)
  5 orc priests
  9 hounds
  2 iguanas (D:4)
  7 orc wizards
  9 mummies
  27 gnolls
  6 adders
  A shadow imp (D:8)
  A white imp (D:6)
  3 ufetubi
  3 worms (D:2)
  2 dart slugs
  37 orcs
  13 bats
  10 endoplasms
  6 giant cockroaches
  A gnoll zombie (Ossuary)
  9 goblins
  6 hobgoblins
  10 jackals
  5 quokkas
  7 ball pythons
  4 frilled lizards
  4 hobgoblin zombies (Ossuary)
  7 kobolds
  2 kobold zombies (Ossuary)
  An orc zombie (Ossuary)
  4 rats
327 creatures vanquished.

Vanquished Creatures (collateral kills)
  An unseen horror (D:10)
  A yak (D:8)
  A water moccasin (D:10)
  A hound (D:10)
  3 gnolls (D:10)
  2 orcs (D:4)
9 creatures vanquished.

Vanquished Creatures (others)
  A manticore (D:8)
  A slime creature (D:11)
  An orc warrior (D:8)
  A jackal (D:10)
  784 foxfires
  51 fungi (D:10)
  46 plants (D:10)
885 creatures vanquished.

Grand Total: 1221 creatures vanquished

Notes
Turn   | Place    | Note
-------+----------+-------------------------------------------
     0 | D:1      | Conn the Octopode Fire Elementalist began the quest for the
                  | Orb.
     0 | D:1      | Reached XP level 1. HP: 11/11 MP: 3/3
   373 | D:1      | Reached XP level 2. HP: 17/17 MP: 1/5
   607 | D:1      | Reached skill level 3 in Stealth
   847 | D:1      | Reached XP level 3. HP: 21/21 MP: 2/6
  1689 | D:2      | Noticed a scorpion
  1702 | D:2      | Learned a level 3 spell: Conjure Flame
  1706 | D:2      | Learned a level 3 spell: Inner Flame
  1738 | D:2      | Killed a scorpion
  1739 | D:2      | Reached XP level 4. HP: 17/27 MP: 0/8
  2002 | D:2      | Reached XP level 5. HP: 31/31 MP: 9/9
  2070 | D:2      | Found a faded altar of an unknown god.
  2463 | D:3      | Learned a level 2 spell: Scorch
  2566 | D:3      | Noticed a water moccasin
  2587 | D:3      | Killed a water moccasin
  2588 | D:3      | Reached skill level 1 in Short Blades
  2588 | D:3      | Reached skill level 4 in Stealth
  2588 | D:3      | Reached XP level 6. HP: 35/37 MP: 5/10
  3231 | D:3      | Reached skill level 5 in Stealth
  3343 | D:4      | Reached skill level 1 in Fighting
  3371 | D:4      | Noticed Menkaure
  3553 | D:4      | Reached skill level 6 in Stealth
  3553 | D:4      | Reached XP level 7. HP: 43/43 MP: 8/12
  3716 | D:4      | Noticed Grinder
  3723 | D:4      | Killed Grinder
  3724 | D:4      | Reached skill level 7 in Stealth
  3771 | D:4      | Found a runed translucent door.
  3772 | D:4      | Noticed Crazy Yiuf
  3798 | D:4      | Killed Crazy Yiuf
  3922 | D:4      | Killed Menkaure
  3923 | D:4      | Reached XP level 8. HP: 26/48 MP: 0/14
  4187 | D:4      | Found Qewn's Antique Weapon Boutique.
  4297 | D:4      | Noticed Duvessa
  4298 | D:4      | Noticed Dowan
  4307 | D:4      | Identified 2 scrolls of acquirement
  4308 | D:4      | Acquired a book of Dangerous Friends
  4310 | D:4      | Acquired a staff of conjuration
  4315 | D:4      | Your ally Duvessa died
  4318 | D:4      | Reached skill level 5 in Fire Magic
  4320 | D:4      | Killed Dowan
  4400 | D:4      | Learned a level 4 spell: Flame Wave
  4543 | D:5      | Entered Level 5 of the Dungeon
  4864 | D:5      | Reached skill level 5 in Spellcasting
  5234 | D:6      | Noticed a yak
  5235 | D:6      | Noticed a yak
  5235 | D:6      | Noticed a yak
  5236 | D:6      | Noticed a yak
  5236 | D:6      | Noticed a yak
  5243 | D:6      | Killed a yak
  5243 | D:6      | Killed a yak
  5244 | D:6      | Reached skill level 8 in Stealth
  5244 | D:6      | Reached XP level 9. HP: 54/54 MP: 10/17
  5249 | D:6      | Reached skill level 1 in Unarmed Combat
  5370 | D:6      | Reached skill level 1 in Hexes
  5564 | D:6      | Reached skill level 5 in Conjurations
  5763 | D:6      | Reached skill level 9 in Stealth
  6193 | D:7      | Found a hide-covered altar of Uskayaw.
  6368 | D:7      | Noticed a kobold demonologist
  6375 | D:7      | Killed a kobold demonologist
  6376 | D:7      | Reached XP level 10. HP: 60/60 MP: 9/19
  6378 | D:7      | Found a sand-covered staircase.
  6385 | Ossuary  | Entered an ossuary
  6862 | D:7      | Identified the +0 leather armour of Xesexa {Dex+3}
  6868 | D:7      | Noticed Maggie
  6877 | D:7      | Killed Maggie
  7229 | D:7      | Found a staircase to the Ecumenical Temple.
  7238 | Temple   | Entered the Ecumenical Temple
  7279 | Temple   | Became a worshipper of Sif Muna the Loreminder
  7855 | D:8      | Noticed Psyche
  7861 | D:8      | Killed Psyche
  7862 | D:8      | Reached skill level 10 in Stealth
  7880 | D:8      | Noticed a cane toad
  7883 | D:8      | Noticed a manticore
  8172 | D:9      | Learned a level 4 spell: Sticky Flame
  8176 | D:9      | Learned a level 3 spell: Summon Guardian Golem
  8201 | D:8      | Noticed Pikel
  8334 | D:8      | Killed Pikel
  8335 | D:8      | Reached skill level 1 in Evocations
  8456 | D:8      | Noticed Maurice
  8499 | D:8      | Noticed a five-headed hydra
  8521 | D:8      | Killed a five-headed hydra
  8522 | D:8      | Reached XP level 11. HP: 66/66 MP: 10/22
  8654 | D:8      | Reached skill level 11 in Stealth
  8986 | D:8      | Killed a manticore
  8986 | D:8      | Reached * piety under Sif Muna
  9013 | D:8      | Identified the +0 scale mail of Gallantry {rF+}
  9319 | D:8      | Noticed a cyan ugly thing
  9332 | D:8      | Killed a cyan ugly thing
  9376 | D:8      | Killed Maurice
  9501 | D:8      | Found the +3 giant club "Skullcrusher" {speed, Str+7}
  9837 | D:9      | Reached skill level 1 in Summonings
  9848 | D:9      | Noticed Grum
  9867 | D:9      | Found Niawn's Book Shoppe.
  9918 | D:10     | Entered Level 10 of the Dungeon
  9919 | D:10     | Noticed a two-headed ogre
 10134 | D:10     | Killed a two-headed ogre
 10135 | D:10     | Reached skill level 1 in Invocations
 10546 | D:10     | Reached ** piety under Sif Muna
 10786 | D:10     | Reached skill level 1 in Shields
 11067 | D:9      | Killed Grum
 11587 | D:10     | Noticed a manticore
 11596 | D:10     | Killed a manticore
 11597 | D:10     | Reached XP level 12. HP: 33/72 MP: 6/25
 11874 | D:10     | Found a staircase to the Lair.
 12657 | D:10     | Found Onioth's Assorted Antiques.
 12665 | D:10     | Bought a glowing kite shield for 187 gold pieces
 12665 | D:10     | Bought a scroll of fear for 87 gold pieces
 13255 | D:11     | HP: 3/72 [manticore/volley of spikes (15)]
 13533 | D:11     | Identified the +0 helmet of the Insatiable Stars {Harm}
 13539 | D:11     | Noticed a six-headed hydra
 13559 | D:11     | Killed a six-headed hydra
 13658 | D:11     | Noticed a two-headed ogre
 13662 | D:11     | Reached *** piety under Sif Muna
 13666 | D:11     | HP: 3/72 [two-headed ogre/+1 great mace of holy wrath (29)]
 13668 | D:11     | Killed a two-headed ogre
 13669 | D:11     | Reached skill level 10 in Fire Magic
 13672 | D:11     | Noticed a two-headed ogre
 14319 | D:11     | HP: 1/72 [ice devil (16)]
 15180 | D:12     | Noticed Jorgrun
 15184 | D:12     | Found a staircase to the Orcish Mines.
 15184 | D:12     | Noticed Azrael
 15184 | D:12     | Noticed a six-headed hydra
 15189 | D:12     | HP: 3/72 [six-headed hydra (8)]
 15189 | D:12     | Slain by a six-headed hydra

Illustrated notes

Levels and vault maps discovered:
D:1:      wander_arrival_chamber, layout_basic,
          hangedman_abyss_or_decor_lesser_grid
D:2:      layout_basic, shapermc_ecumenical_altar_mp_highgroup
D:3:      layout_loops_ring, grunt_ministairs_6,
          amcnicky_mini_rare_corridor_liquid, chequers_serial_rivers_large_a
D:4:      layout_rooms, serial_shops, shop, uniq_menkaure, uniq_duvessa,
          uniq_crazy_yiuf_cottage, uniq_grinder
D:5:      layout_basic
D:6:      layout_loops_ring, minmay_manual_mares
D:7:      layout_layer_cave, nicolae_overflow_crystal_walls,
          minmay_temple_entry_glassed_door, gup_ossuary_entry_pyramid,
          uniq_maggie
D:8:      layout_loops_ring, serial_glass, glass_columns_c, glass_columns_c,
          minmay_pinched_square, uniq_pikel, uniq_maurice, uniq_psyche
D:9:      layout_cave_pools, serial_shops, nicolae_shop_advertising_works
          [nicolae_subvault_shop_adworks], st_stairs_12, uniq_grum
D:10:     layout_cave_pools, due_lair_maze_entry_diamond, serial_gnoll_camp,
          gnoll_camp_mini_sergeant, gnoll_camp_mini_hut,
          gnoll_camp_mini_doghouse, gnoll_camp_mini_shop,
          gnoll_camp_mini_doghouse
D:11:     layout_basic, portal_ice_cave_demonic_guard, hangedman_decor_growths,
          minmay_misc_feat_cross
D:12:     layout_cave_pods, david_orc_3, okawaru_trees_1, uniq_azrael,
          uniq_urug, uniq_jorgrun
Temple:   dpeg_three_leaves_temple

Skill      XL: |  1  2  3  4  5  6  7  8  9 10 11 12 |
---------------+-------------------------------------+-----
Stealth        | 3 4 6 7 8 9 10 11 | 11.2
Spellcasting   | 3 4 5 6 7 9 |  9.9
Fire Magic     | 4 6 7 8 9 10 | 10.5
Short Blades   | 1 2 3 4 |  4.1
Conjurations   | 2 4 5 6 7 |  7.3
Fighting       | 1 2 3 |  3.1
Unarmed Combat | 1 |  1.0
Dodging        | 3 4 |  4.4
Hexes          | 1 2 3 |  3.3
Evocations     | 1 |  1.4
Summonings     | 1 |  1.3
Invocations    | 2 4 |  4.4
Shields        | 1 |  1.2
Maces & Flails | |  0.3

Action                   |  1- 3 |  4- 6 |  7- 9 | 10-12 || total
-------------------------+-------+-------+-------+-------++-------
Melee: Mace              |    12 |       |       |       ||    12
       Constrict         |     4 |     9 |     7 |    21 ||    41
       Tentacles         |     4 |    15 |    11 |    25 ||    55
       Dagger            |    15 |    61 |    56 |    86 ||   218
       Unarmed           |       |       |     4 |       ||     4
       Punch             |       |       |     1 |     5 ||     6
       Staff             |       |       |       |     1 ||     1
 Cast: Foxfire           |    54 |    33 |    79 |   284 ||   450
       Conjure Flame     |     1 |     1 |     3 |     8 ||    13
       Scorch            |       |     1 |    15 |    85 ||   101
       Inner Flame       |       |       |     5 |    11 ||    16
       Flame Wave        |       |       |     2 |    15 ||    17
       Summon Guardian G |       |       |       |    13 ||    13
       Sticky Flame      |       |       |       |     5 ||     5
Evoke: Wand              |       |       |     2 |     8 ||    10
  Use: Scroll            |       |       |    15 |     5 ||    20
       Potion            |       |       |       |    13 ||    13
 Stab: Sleeping          |     3 |    21 |    14 |     8 ||    46
       Confused          |       |       |     1 |       ||     1
Armor: Skin              |    12 |     9 |     8 |    38 ||    67
Dodge: Dodged            |    41 |    30 |    35 |   119 ||   225
Block: Other             |       |       |     6 |    33 ||    39
       Reflection        |       |       |       |     3 ||     3

Table legend: (Time is in decaauts)
 A = Elapsed time spent in this place.
 B = Non-inter-level travel time spent in this place.
 C = Inter-level travel time spent in this place.
 D = Time resting spent in this place.
 E = Time spent auto-exploring this place.
 F = Levels seen in this place.
 G = Mean time per level.
                   A        B        C        D        E       F      G
               +--------+--------+--------+--------+--------+-----+--------+
         Total |  15183 |  14963 |    220 |    810 |  11228 |  14 | 1084.5 |
       Dungeon |  14747 |  14540 |    207 |    810 |  10970 |  12 | 1228.9 |
        Temple |     54 |     41 |     13 |      0 |     23 |   1 |   54.0 |
       Ossuary |    381 |    381 |      0 |      0 |    235 |   1 |  381.0 |
               +--------+--------+--------+--------+--------+-----+--------+

Top non-repeatable levels by time:
    D:10: 2325 daAuts
    D:11: 2093 daAuts
     D:1: 1421 daAuts
     D:7: 1350 daAuts
     D:9: 1337 daAuts
     D:8: 1326 daAuts
     D:4: 1086 daAuts
     D:2: 1040 daAuts
     D:3: 993 daAuts
     D:6: 941 daAuts
     D:5: 667 daAuts
 Ossuary: 381 daAuts
    D:12: 162 daAuts
  Temple: 54 daAuts
